 Dungeon Crawl Stone Soup version 0.26-a0-996-g6b303dbc09 (webtiles) character file.

Game seed: 5855936016916016555

699 PentaManta the Ruffian (level 7, 0/66 HPs)
             Began as a Troll Abyssal Knight on Dec 6, 2020.
             Was an Elder of Lugonu.
             Killed by nerve-wracking pain
             ... invoked by an orc priest
              (12 damage)
             ... on level 4 of the Dungeon.
             The game lasted 00:11:05 (3392 turns).

PentaManta the Ruffian (Troll Abyssal Knight)       Turns: 3392, Time: 00:11:06

Health: 0/66       AC:  7    Str: 23    XL:     7   Next: 38%
Magic:  7/7        EV: 10    Int:  8    God:    Lugonu [****..]
Gold:   223        SH:  0    Dex:  9    Spells: 6/6 levels left

rFire    . . .     SeeInvis .     - Unarmed
rCold    . . .     Faith    .   (no shield)
rNeg     . . .     Spirit   .   a - +1 robe
rPois    .         Reflect  .   (helmet restricted)
rElec    .         Harm     .   (no cloak)
rCorr    .         Rampage  .   (gloves unavailable)
MR       .....                  (boots unavailable)
Stlth    +.........             (no amulet)
HPRegen  0.61/turn              o - ring of flight
MPRegen  0.10/turn              g - +4 ring of slaying

@: no status effects
A: large, unfitting armour, claws 3, low mp 1, regeneration 1, shaggy fur 1,
tough skin 3
a: Depart the Abyss, Bend Space, Banish, Corrupt, Renounce Religion, Evoke
Flight


You were on level 4 of the Dungeon.
You worshipped Lugonu.
Lugonu was greatly pleased with you.
You visited 1 branch of the dungeon, and saw 4 of its levels.
You visited the Abyss 1 time.
You also visited: Ossuary.

You collected 223 gold pieces.

Inventory:

Hand Weapons
 f - a +2 dagger of venom
Missiles
 c - 13 poisoned darts
Armour
 a - a +1 robe (worn)
Jewellery
 g - a +4 ring of slaying (right claw)
 o - a ring of flight (left claw)
Scrolls
 b - 5 scrolls of remove curse
 h - 8 scrolls of identify
 i - 4 scrolls of teleportation
 j - a scroll of enchant armour
 n - a scroll of fear {unknown}
 q - a scroll of amnesia
Potions
 d - 2 potions of haste
 e - a potion of curing
 k - 3 potions of lignification
 l - a potion of brilliance {unknown}
 m - 2 potions of invisibility {unknown}
 p - a potion of heal wounds {unknown}
 r - a potion of mutation {unknown}
 s - 2 potions of attraction {unknown}


   Skills:
 + Level 2.8 Fighting
 + Level 1.2 Throwing
 + Level 2.3 Dodging
 * Level 7.0 Unarmed Combat
 + Level 3.3 Invocations


You had 6 spell levels left.
You didn't know any spells.
Your spell library was empty.

Dungeon Overview and Level Annotations

Branches:
Dungeon (4/15)            Ossuary (visited)
 Temple: D:4-7

Altars:
Ashenzari
Kikubaaqudgha
Uskayaw
Vehumet
Wu Jian


Innate Abilities, Weirdness & Mutations

You are too large for most types of armour.
You have claws for hands.
Your natural rate of healing is unusually fast.
You are covered in fur. (AC +1)
You have extremely tough skin. (AC +3)
Your magical capacity is low. (-10% MP)


Message History

You scratch the orc wizard.
The orc wizard is almost dead.
Something hits you but does no damage.
The orc wizard hits you but does no damage.
The orc wizard closely misses you. Something hits you but does no damage.
Unknown command.
You claw the orc wizard!
You kill the orc wizard!
Lugonu accepts your kill.
You hear some strange, mumbled words.
A magic dart appears from out of thin air!
The magic dart hits you!
* * * LOW HITPOINT WARNING * * *
You feel better. Something hits you.
* * * LOW HITPOINT WARNING * * *
You feel better. Something hits you.
* * * LOW HITPOINT WARNING * * *
The orc priest calls down the wrath of Beogh upon you.
Pain shoots through your body!
You die...

.................
.................
.................
..........#####.#####
.........##._.###._.##
.........#.....8.....# ###
.........#..⌠.....⌠..#####.#
.........##.........##....##
.........o###.@{..###....##
............###o#######.##
..........ogo.)o........#
...........go####.......#
....#+#......# ####...## ..#
##.....# ###.## .. ..
#.....# ##.# ... ###...#
###.### ..# ##..# #.._..#


You could see an orc priest and an orc.

Vanquished Creatures
  A quasit (Abyss:1)
  A hound (D:4)
  A gnoll shaman (D:3)
  Jessica (D:2)
  Natasha (thrice) (D:2)
  2 orc wizards
  9 big kobold zombies (Ossuary)
  A hound skeleton (D:4)
  A mummy (Ossuary)
  7 gnolls
  6 adders
  A worm zombie (D:4)
  A worm (D:3)
  5 dart slugs
  4 leopard geckos
  12 orcs (D:3)
  3 spectral bats (Ossuary)
  7 giant cockroaches
  4 gnoll zombies
  8 goblins
  6 hobgoblins
  2 jackals (D:1)
  2 kobolds (D:1)
  3 quokkas
  A ball python (D:4)
  3 bats
  3 bat simulacra (Ossuary)
  4 frilled lizards
  2 goblin simulacra (Ossuary)
  7 goblin zombies (Ossuary)
  3 hobgoblin zombies (Ossuary)
  5 kobold simulacra (Ossuary)
  4 kobold zombies (Ossuary)
  4 orc zombies (Ossuary)
  9 rats
  4 rat simulacra (Ossuary)
  4 spectral goblins (Ossuary)
  3 spectral kobolds (Ossuary)
  2 spectral rats (Ossuary)
149 creatures vanquished.

Vanquished Creatures (others)
  13 plants (D:3)
13 creatures vanquished.

Grand Total: 162 creatures vanquished

Notes
Turn   | Place    | Note
-------+----------+-------------------------------------------
     0 | Abyss:1  | PentaManta the Troll Abyssal Knight began the quest for the
                  | Orb.
     0 | Abyss:1  | Reached XP level 1. HP: 22/22 MP: 1/1
     4 | Abyss:1  | Found a corrupted altar of Lugonu.
    32 | Abyss:1  | Noticed a neqoxec
    36 | Abyss:1  | Gained mutation: Your magical capacity is low. (-10% MP) [a
                  | neqoxec]
    84 | Abyss:1  | Noticed a quasit
    97 | Abyss:1  | Killed a quasit
    98 | Abyss:1  | Reached skill level 3 in Unarmed Combat
    98 | Abyss:1  | Reached XP level 2. HP: 23/29 MP: 1/1
    98 | Abyss:1  | Reached XP level 3. HP: 28/36 MP: 2/2
   102 | D:1      | Escaped the Abyss
   330 | D:1      | Reached skill level 4 in Unarmed Combat
   871 | D:2      | Reached XP level 4. HP: 33/44 MP: 3/3
   914 | D:2      | Reached ** piety under Lugonu
   933 | D:2      | Noticed Jessica
   936 | D:2      | Killed Jessica
   991 | D:2      | Reached skill level 5 in Unarmed Combat
  1191 | D:2      | Found a radiant altar of Vehumet.
  1206 | D:2      | Noticed Natasha
  1214 | D:2      | Killed Natasha
  1215 | D:2      | Reached XP level 5. HP: 46/50 MP: 4/4
  1272 | D:2      | Noticed Natasha
  1276 | D:2      | Killed Natasha
  1349 | D:2      | Noticed Natasha
  1367 | D:2      | Killed Natasha
  1594 | D:3      | Reached skill level 6 in Unarmed Combat
  1594 | D:3      | Reached XP level 6. HP: 38/59 MP: 6/6
  1990 | D:3      | Found a broken altar of Ashenzari.
  2646 | D:4      | Found an ornate altar of the Wu Jian Council.
  2648 | D:4      | Found a sand-covered staircase.
  2665 | Ossuary  | Entered an ossuary
  2676 | Ossuary  | Reached *** piety under Lugonu
  3121 | Ossuary  | Reached **** piety under Lugonu
  3130 | Ossuary  | Reached XP level 7. HP: 66/66 MP: 7/7
  3191 | Ossuary  | Reached skill level 1 in Throwing
  3324 | D:4      | Found an ancient bone altar of Kikubaaqudgha.
  3325 | D:4      | Found a hide-covered altar of Uskayaw.
  3382 | D:4      | Reached skill level 7 in Unarmed Combat
  3390 | D:4      | HP: 2/66 [something/magic dart (10)]
  3392 | D:4      | Killed from afar by an orc priest

Illustrated notes

Levels and vault maps discovered:
D:1:      onia_arrival_mini_spirals, layout_basic
D:2:      layout_loops_ring, overflow_temple_1_default,
          kennysheep_generic_room_7, uniq_jessica, uniq_natasha
D:3:      minmay_diamond_boxcup, layout_loops_corners,
          overflow_temple_1_default, serial_bayou_pond_c
D:4:      cheibrodos_greedy_goblins, layout_layer_cave, lemuel_crystal_altar,
          gammafunk_temple_overflow_pools, enter_ossuary_3, serial_shops,
          nicolae_shop_crystal, uniq_sigmund

Skill      XL: |  1  2  3  4  5  6  7 |
---------------+----------------------+-----
Unarmed Combat | 3 4 5 6 7 |  7.0
Invocations    | 2 3 |  3.3
Dodging        | 2 |  2.3
Throwing       | 1 |  1.2
Fighting       | |  2.8

Action                   |  1- 3 |  4- 6 |  7- 9 || total
-------------------------+-------+-------+-------++-------
Melee: Unarmed           |    68 |   261 |    54 ||   383
       Punch             |       |     6 |     4 ||    10
  Use: Scroll            |     2 |     8 |       ||    10
       Potion            |       |       |     3 ||     3
 Stab: Sleeping          |     1 |       |       ||     1
Armor: Robe              |    41 |    72 |    13 ||   126
Dodge: Dodged            |    58 |    98 |    25 ||   181

Table legend: (Time is in decaauts)
 A = Elapsed time spent in this place.
 B = Non-inter-level travel time spent in this place.
 C = Inter-level travel time spent in this place.
 D = Time resting spent in this place.
 E = Time spent auto-exploring this place.
 F = Levels seen in this place.
 G = Mean time per level.
                   A        B        C        D        E       F      G
               +--------+--------+--------+--------+--------+-----+--------+
         Total |   3357 |   3316 |     41 |    200 |   2051 |   6 |  559.5 |
       Dungeon |   2653 |   2612 |     41 |      0 |   2031 |   4 |  663.2 |
         Abyss |    101 |    101 |      0 |      0 |     20 |   1 |  101.0 |
       Ossuary |    602 |    602 |      0 |    200 |      0 |   1 |  602.0 |
               +--------+--------+--------+--------+--------+-----+--------+

Top non-repeatable levels by time:
     D:3: 916 daAuts
     D:1: 715 daAuts
     D:2: 627 daAuts
 Ossuary: 602 daAuts
     D:4: 394 daAuts
 Abyss:1: 101 daAuts
